 Dungeon Crawl Stone Soup version 0.29-a0-1027-gcd8c55af63 (webtiles) character file.

Game seed: 16073119413207078321

6 Zonian the Grave Robber (level 1, 0/13 HPs)
             Began as a Demonspawn Necromancer on Aug 13, 2022.
             Frozen to death by an endoplasm (5 damage)
             ... on level 1 of the Dungeon.
             The game lasted 00:01:21 (522 turns).

Zonian the Grave Robber (Demonspawn Necromancer)     Turns: 522, Time: 00:01:22

Health: 0/13       AC:  2    Str:  8    XL:     1   Next: 75%
Magic:  2/3        EV: 12    Int: 16    God:
Gold:   0          SH:  0    Dex: 13    Spells: 3/4 levels left

rFire   . . .      SeeInvis .   c - +0 short sword
rCold   . . .      Faith    .   (no shield)
rNeg    . . .      Spirit   .   a - +0 robe
rPois   .          Reflect  .   (no helmet)
rElec   .          Harm     .   (no cloak)
rCorr   .          Rampage  .   (no gloves)
Will    .....                   (no boots)
Stlth   ++........              (no amulet)
HPRegen 0.04/turn               (no ring)
MPRegen 0.08/turn               (no ring)

@: no status effects
A: no striking features
a: no special abilities


You were on level 1 of the Dungeon.
You visited 1 branch of the dungeon, and saw 1 of its levels.

Inventory:

Hand Weapons
 c - a +0 short sword (weapon)
 e - a +0 hand axe
Armour
 a - a +0 robe (worn)
Scrolls
 d - a scroll of brand weapon {unknown}
 f - a scroll of enchant weapon {unknown}
Potions
 g - a potion of degeneration {unknown}


   Skills:
 + Level 1.9 Dodging
 + Level 2.0 Stealth
 + Level 2.1 Spellcasting
 + Level 4.4 Necromancy


You had 3 spell levels left.
You knew the following spells:

 Your Spells              Type           Power      Damage    Failure   Level
a - Necrotise             Necr           64%        1d7       3%          1

Your spell library contained the following spells:

 Spells                   Type           Power      Damage    Failure   Level
 Vampiric Draining        Necr           16%        2d7       10%         3
 Animate Dead             Necr           16%        N/A       32%         4
 Agony                    Necr           16%        N/A       65%         5


Dungeon Overview and Level Annotations

Branches:
Dungeon (1/15)

Altars:


Message History

You closely miss the jackal.
The jackal is severely wounded.
The jackal bites you.
Unknown command.
You miss the jackal.
The jackal is heavily wounded.
The jackal barely misses you. The jackal bites you.
Unknown command.
You barely miss the jackal.
The jackal is heavily wounded.
The jackal barely misses you.
Unknown command.
Casting: Necrotise (safe; 3% risk of failure)
Confirm with . or Enter, or press ? or * to list all spells.
Aiming: Necrotise (safe; 3% risk of failure)
Press: ? - help, Shift-Dir - straight line, f - jackal
Aim: a jackal (heavily wounded, chance to affect: 85%)
The jackal writhes in agony.
The jackal bites you but does no damage.
The jackal barely misses you.
Unknown command.
Magic courses through your body. The jackal barely misses you.
Unknown command.
Casting: Necrotise (safe; 3% risk of failure)
Confirm with . or Enter, or press ? or * to list all spells.
Aiming: Necrotise (safe; 3% risk of failure)
Press: ? - help, Shift-Dir - straight line, f/p - jackal
Aim: a jackal (almost dead, chance to affect: 85%)
The jackal writhes in agony.
You kill the jackal!
The dead are walking!
Something bites your jackal skeleton.
The endoplasm hits your jackal skeleton.
Something barely misses your jackal skeleton.
Your Stealth skill increases to level 2!
Unknown command.
Something bites your jackal skeleton.
Your jackal skeleton is destroyed!
The endoplasm freezes you.
You are frozen.
You die...

##. .##.. ....
.... >.. ^h.#
#.#####[..#
#.....hJ..#
#.#h.# ..# ..
#.#.#.#..# #.
#.J###.. ## #.
###@#.#..# .# #.
#...#..## .#
#.####........ .#
###...........##.
.#
#.........###.#
.# #.....###.###
# .# #####.# ....
.#
#########.##..###
.#
#.............#


You could see an endoplasm.

Vanquished Creatures
  An endoplasm (D:1)
  A jackal (D:1)
  A quokka (D:1)
  A frilled lizard (D:1)
  A kobold (D:1)
  A rat (D:1)
6 creatures vanquished.

Notes
Turn   | Place    | Note
-------+----------+-------------------------------------------
     0 | D:1      | Zonian the Demonspawn Necromancer began the quest for the
                  | Orb.
     0 | D:1      | Reached XP level 1. HP: 13/13 MP: 3/3
   522 | D:1      | Frozen to death by an endoplasm

Illustrated notes

Levels and vault maps discovered:
D:1:      dpeg_arrival_pond, layout_loops_ring,
          nicolae_ecumenical_snake_handling

Skill      XL: |  1 |
---------------+----+-----
Stealth        | 2 |  2.0
Dodging        | |  1.9
Spellcasting   | |  2.1
Necromancy     | |  4.4

Action                   || total
-------------------------++-------
Melee: Unarmed           ||     7
       Short sword       ||     6
 Cast: Necrotise         ||    13
  Use: Potion            ||     1
Armor: Robe              ||     5
Dodge: Dodged            ||    17

Table legend: (Time is in decaauts)
 A = Elapsed time spent in this place.
 B = Non-inter-level travel time spent in this place.
 C = Inter-level travel time spent in this place.
 D = Time resting spent in this place.
 E = Time spent auto-exploring this place.
 F = Levels seen in this place.
 G = Mean time per level.
                   A        B        C        D        E       F      G
               +--------+--------+--------+--------+--------+-----+--------+
         Total |    522 |    522 |      0 |    123 |    300 |   1 |  522.0 |
       Dungeon |    522 |    522 |      0 |    123 |    300 |   1 |  522.0 |
               +--------+--------+--------+--------+--------+-----+--------+

Top non-repeatable levels by time:
     D:1: 522 daAuts
